Map: 乌雷纳

Players

shengy

  • Race: Zerg Zerg
  • League: Platinum

Hercules - Winner!

  • Race: Protoss Protoss
  • League: Diamond

VOD

Have the link to the VOD?

Description

Time

  • Played on: Dec. 28, 2015, 8:44 p.m.
  • Length: 8:09
Show
View Real Time Build Order
Export as new Build Order

shengy Zerg 

Build Orders: 3 Hatch before Pool 

Get SALT Encoding   

  12  0:01  Drone  
  13  0:08  Drone  
  14  0:17  Overlord  
  16  0:35  Drone x2  
  16  0:36  Drone  
  17  0:47  Drone  
  18  0:57  Hatchery  
  18  1:01  Drone  
  18  1:07  Overlord  
  18  1:19  Drone  
  19  1:32  Drone  
  20  1:44  Hatchery  
  19  1:51  Drone, Spawning Pool  
  19  1:52  Drone  
  20  2:06  Drone  
  21  2:09  Drone  
  22  2:18  Drone  
  22  2:21  Drone  
  24  2:24  Drone  
  25  2:31  Drone  
  25  2:35  Drone  
  27  2:38  Queen  
  27  2:39  Queen  
  27  2:41  Zergling x2  
  32  2:47  Zergling x2  
  33  2:52  Drone  
  34  2:58  Drone  
  34  2:59  Queen  
  37  3:06  Drone x2  
  37  3:11  Drone x2  
  41  3:13  Overlord  
  41  3:18  Overlord  
  41  3:19  Drone  
  42  3:30  Overlord  
  42  3:32  Drone x2  
  44  3:35  Extractor  
  44  3:36  Extractor  
  44  3:37  Extractor, Drone  
  44  3:39  Queen, Extractor  
  44  3:40  Drone  
  44  3:42  Drone  
  45  3:51  Roach Warren  
  45  3:52  Evolution Chamber, Drone x5  
  45  3:53  Evolution Chamber  
  47  4:02  Overlord  
  47  4:04  Drone x3  
  50  4:11  Drone  
  50  4:12  Drone x5  
  56  4:22  Lair  
  56  4:29  Drone x6  
  56  4:30  Drone  
  63  4:40  Roach  
  63  4:41  Roach x3  
  63  4:42  Roach  
  71  4:46  Roach  
  73  4:53  Spine Crawler  
  66  5:08  Drone  
  66  5:09  Drone x7  
  66  5:10  Roach  
  74  5:15  Zerg Missile Weapons Level 1, Zerg Ground Armor Level 1  
  74  5:21  Hatchery  
  73  5:27  Ravager  
  73  5:32  Glial Reconstitution  
  73  5:35  Overlord x3  
  72  5:36  Overlord x2  
  72  5:45  Ravager x2  
  74  5:51  Hydralisk Den  
  74  5:52  Drone  
  74  5:55  Extractor  
  74  5:57  Extractor  
  72  6:00  Roach x9  
  72  6:03  Ravager  
  91  6:13  Drone  
  91  6:14  Drone x3, Infestation Pit  
  94  6:20  Roach  
  94  6:21  Roach x4  
  104  6:27  Overlord  
  104  6:28  Overlord  
  104  6:32  Metabolic Boost  
  96  6:57  Roach  
  96  6:58  Roach x11  
  97  7:12  Roach x6  
  97  7:13  Roach  
  111  7:23  Drone  
  111  7:24  Drone x6  
  104  7:39  Roach  
  104  7:40  Roach x6  
Show
View Real Time Build Order
Export as new Build Order

Hercules Protoss - Winner!

Build Orders: Double Forge, Nexus First 

Get SALT Encoding   

  12  0:01  Probe (Chrono Boost)  
  13  0:12  Probe (Chrono Boost)  
  14  0:20  Pylon  
  14  0:22  Probe (Chrono Boost)  
  15  0:38  Probe (Chrono Boost)  
  16  0:48  Probe (Chrono Boost)  
  17  0:59  Probe (Chrono Boost)  
  17  1:03  Nexus  
  18  1:10  Probe (Chrono Boost)  
  19  1:18  Gateway  
  19  1:23  Probe (Chrono Boost)  
  20  1:26  Assimilator  
  20  1:32  Assimilator  
  20  1:33  Probe (Chrono Boost)  
  21  1:49  Probe (Chrono Boost)  
  21  1:52  Pylon  
  22  1:59  Probe (Chrono Boost)  
  23  2:10  Probe (Chrono Boost), Zealot  
  26  2:16  Probe (Chrono Boost)  
  27  2:25  Cybernetics Core  
  27  2:27  Probe x2 (Chrono Boost)  
  29  2:39  Probe x2 (Chrono Boost)  
  29  2:43  Pylon  
  31  2:50  Probe (Chrono Boost)  
  31  2:51  Probe (Chrono Boost)  
  33  3:03  Probe x2 (Chrono Boost)  
  33  3:04  Adept  
  33  3:05  Warp Gate  
  37  3:10  Gateway  
  37  3:11  Gateway  
  36  3:15  Probe x2 (Chrono Boost)  
  38  3:28  Probe (Chrono Boost)  
  38  3:29  Probe (Chrono Boost)  
  38  3:32  Assimilator  
  40  3:39  Adept  
  44  3:41  Probe x2 (Chrono Boost)  
  44  3:46  Pylon  
  44  3:52  Probe x2 (Chrono Boost)  
  46  3:57  Robotics Facility  
  46  4:01  Adept  
  51  4:03  Probe x2 (Chrono Boost)  
  51  4:05  Sentry  
  52  4:11  Assimilator  
  52  4:13  Probe x2 (Chrono Boost)  
  52  4:16  Twilight Council  
  54  4:20  Forge  
  54  4:21  Forge  
  54  4:24  Probe (Chrono Boost)  
  55  4:35  Mothership Core (Chrono Boost)  
  57  4:41  Pylon  
  57  4:45  Pylon  
  57  4:49  Observer  
  57  4:52  Resonating Glaives  
  58  4:53  Protoss Ground Weapons Level 1 (Chrono Boost)  
  58  4:54  Protoss Ground Armor Level 1 (Chrono Boost)  
  58  4:56  Probe x2 (Chrono Boost)  
  60  5:10  Probe x2 (Chrono Boost)  
  60  5:16  Gateway  
  60  5:17  Gateway  
  60  5:19  Pylon  
  58  5:22  Pylon  
  56  5:29  Probe x2 (Chrono Boost)  
  58  5:43  Gateway, Stalker x2  
  58  5:44  Gateway x2, Stalker  
  58  5:47  Gateway  
  58  5:49  Immortal  
  68  6:10  Pylon  
  68  6:11  Adept x3  
  70  6:12  Pylon  
  70  6:18  Gateway  
  74  6:19  Sentry x2  
  78  6:30  Warp Prism  
  80  6:37  Stalker x3  
  86  6:41  Adept  
  86  6:42  Adept x3  
  92  6:56  Stalker x2  
  86  7:11  Sentry, Stalker x3  
  86  7:12  Sentry x3  
  98  7:37  Zealot x5  
  88  7:39  Stalker x4  
  78  7:59  Stalker x3  
  78  8:00  Sentry x2  
  78  8:04  Adept  
  78  8:05  Adept x3  
Tags
 
Add a new tag
Caveats
  • Supply blocks, unpowered buildings, or Contaminate may cause inaccurate times.
  • Supply counts are checked every 10 seconds.